 Dungeon Crawl Stone Soup version 0.14-a0-2124-ga163777 (webtiles) character file.

346 4tharraofdagon the Sneak (level 6, 2/31 HPs)
             Began as a Vine Stalker Wanderer on Jan 27, 2014.
             Quit the game on Level 6 of the Dungeon.
             The game lasted 00:08:19 (1450 turns).

4tharraofdagon the Sneak (Vine Stalker Wanderer)    Turns: 1450, Time: 00:08:20

HP   2/31        AC  9     Str 14      XL: 6   Next: 52%
MP   0/8         EV  8     Int 15      God:
Gold 15          SH  0     Dex 13      Spells:  0 memorised,  5 levels left

rFire  . . .     SeeInvis .     a - +2 short sword
rCold  . . .     Clarity  .     f - +2 dwarf scale mail
rNeg   . . .     Conserve .     (no shield)
rPois  .         rCorr    .     (no helmet)
rElec  .         rRot     +     (no cloak)
SustAb . .       Spirit   +     (no gloves)
rMut   +         Warding  .     (no boots)
Saprov . . .     Stasis   .     z - amulet of resist mutation
MR     .....                    e - ring of ice
                                q - ring of fire

@: mildly poisoned, not resistant to hostile enchantments, unstealthy
A: fangs 2, regeneration 2, magic shield, antimagic bite, no device heal
a: no special abilities


You were on level 6 of the Dungeon.
You were hungry.

You visited 1 branch of the dungeon, and saw 6 of its levels.

You collected 111 gold pieces.
You spent 96 gold pieces at shops.

Inventory:

Hand weapons
 a - a +2,+2 short sword (weapon)
 c - a +0,+0 dagger
 g - a +0 blowgun
 l - a +0,+0 elven dagger
Missiles
 m - 27 poisoned needles
Armour
 b - a +0 robe
 f - a +2 dwarven scale mail (worn)
 s - a +0 chain mail
 t - a +0 chain mail
Magical devices
 x - a wand of frost (11)
Comestibles
 d - 3 bread rations
 k - a slice of pizza
 r - a meat ration
 B - a rotting chunk of jackal flesh
Scrolls
 h - 2 scrolls of remove curse {unknown}
 i - a scroll of fog {unknown}
 j - a scroll of immolation
 n - a scroll of identify
 o - a scroll of curse jewellery
 y - a scroll of fear
Jewellery
 e - a ring of ice (right hand)
 q - a ring of fire (left hand)
 z - an amulet of resist mutation (around neck)
Potions
 p - a potion of poison
 u - 2 potions of curing
 v - a potion of degeneration
 w - a potion of paralysis
 C - a potion of restore abilities


   Skills:
 + Level 2.3 Fighting
 - Level 4.0 Short Blades
   Level 1.0 Staves
 - Level 1.0 Throwing
 + Level 1.8 Armour
 + Level 2.6 Dodging
 + Level 4.7 Stealth


You had 5 spell levels left.
You didn't know any spells.

Dungeon Overview and Level Annotations

Branches:
Dungeon (6/16)
 Temple: D:4-7

Altars:
Trog

Shops:
D:5 *

Annotations:
D:5 Bastard's ghost, experienced FoHu
D:6 Menkaure


Innate Abilities, Weirdness & Mutations

You have extremely sharp teeth.
You heal very quickly.
When hurt, damage is shared between your health and your magic reserves.
Your bite disrupts and absorbs the magic of your enemies.
Potions and wands cannot restore your HP.


Message History

Menkaure hits you!
You closely miss Menkaure. You bite Menkaure. You drain his magic.
You feel invigorated.
Menkaure is moderately damaged.
You closely miss Menkaure.
Menkaure is moderately damaged.
Menkaure hits you!
You barely miss Menkaure.
Menkaure is moderately damaged.
Menkaure hits you but does no damage.
You hit Menkaure but do no damage.
Menkaure is moderately damaged.
You hit Menkaure but do no damage.
Menkaure is moderately damaged.
Menkaure hits you!
* * * LOW HITPOINT WARNING * * *
You are too injured to fight recklessly!
You are too injured to fight recklessly!
Unknown command.
Are you sure you want to abandon this character and quit the game? (Confirm with "yes".)

.............
...............
.................
.........$........
...................
.....................
......................
...........M.........#
.............@....[..#
....................##
...................##
#.................##
##......<<<......##
#################


You could see Menkaure.

Vanquished Creatures
  A manticore (D:5)
  An ogre (D:4)
  An iguana (D:5)
  A worker ant (D:4)
  3 adders
  A gnoll skeleton (D:3)
  A giant eyeball (D:4)
  3 bats
  A giant cockroach (D:5)
  2 goblins
  6 hobgoblins
  9 jackals
  3 kobolds (D:3)
  A quokka (D:3)
  2 ball pythons
  2 giant newts
  4 rats
  A rat skeleton (D:4)
43 creatures vanquished.

Notes
Turn   | Place    | Note
--------------------------------------------------------------
     0 | D:1      | 4tharraofdagon, the Vine Stalker Wanderer, began the quest for the Orb.
     0 | D:1      | Reached XP level 1. HP: 10/10 MP: 1/1
   137 | D:1      | Reached XP level 2. HP: 14/14 MP: 3/3
   166 | D:2      | Reached skill level 3 in Short Blades
   347 | D:3      | Reached XP level 3. HP: 18/18 MP: 4/4
   610 | D:4      | Reached XP level 4. HP: 23/23 MP: 5/5
   681 | D:4      | Paralysed by a giant eyeball for 4 turns
   688 | D:4      | Paralysed by a giant eyeball for 3 turns
   826 | D:5      | Entered Level 5 of the Dungeon
   858 | D:4      | Noticed an ogre
   875 | D:4      | Killed an ogre
   875 | D:4      | Reached skill level 1 in Armour
   875 | D:4      | Reached skill level 4 in Stealth
   875 | D:4      | Reached XP level 5. HP: 26/26 MP: 7/7
   939 | D:5      | Found Ulopt's Assorted Antiques.
   947 | D:5      | Bought a purple potion for 18 gold pieces
   947 | D:5      | Bought 2 scrolls labeled SIOQUF URHODGH for 40 gold pieces
   947 | D:5      | Bought a silvery potion for 18 gold pieces
   947 | D:5      | Bought a scroll labeled SIOQUF URHODGH for 20 gold pieces
   959 | D:5      | Found a bloodstained altar of Trog.
  1140 | D:5      | Noticed a manticore
  1159 | D:5      | Noticed Bastard's ghost (experienced FoHu)
  1183 | D:5      | Killed a manticore
  1183 | D:5      | Gained mutation: You heal very quickly. [vine stalker growth]
  1183 | D:5      | Reached XP level 6. HP: 16/31 MP: 4/8
  1431 | D:6      | Noticed Menkaure
  1450 | D:6      | Quit the game

Action                   |  1- 3 |  4- 6 || total
-------------------------+-------+-------++-------
Melee: Short sword       |    66 |    66 ||   132
 Fire: Blowgun           |     5 |    19 ||    24
Evoke: Wand              |       |     1 ||     1
  Use: Potion            |     2 |     1 ||     3
       Scroll            |     1 |     7 ||     8
